 Dungeon Crawl Stone Soup version 0.23.2-1-ga50397a (webtiles) character file.

Game seed: 4221739336777785185

2205 MalarOregon the Skirmisher (level 9, 0/75 HPs)
             Began as a Centaur Fire Elementalist on May 12, 2019.
             Was a Follower of Okawaru.
             Slain by an orc warrior
             ... wielding a +0 glaive
              (25 damage)
             ... on level 6 of the Dungeon.
             The game lasted 00:22:41 (9382 turns).

MalarOregon the Skirmisher (CeFE)                   Turns: 9382, Time: 00:22:42

Health: 0/75       AC:  6    Str: 14      XL:     9   Next: 12%
Magic:  9/16       EV:  9    Int: 14      God:    Okawaru [*.....]
Gold:   315        SH:  0    Dex: 13 (15) Spells: 8/18 levels left

rFire    . . .     SeeInvis +   b - +1 short sword (holy)
rCold    . . .     Gourm    .   (no shield)
rNeg     . . .     Faith    .   C - +0 robe
rPois    .         Spirit   .   (no helmet)
rElec    .         Reflect  .   (no cloak)
rCorr    .         Harm     .   j - +1 pair of gloves
MR       .....                  (no barding)
Stlth    +.........             (no amulet)
HPRegen  0.22/turn              z - ring of see invisible
MPRegen  0.15/turn              q - +5 ring of dexterity

@: heavily drained, very quick
A: large, hooves 3, deformed body, speed 2, tough skin 3
a: Heroism, Renounce Religion


You were on level 6 of the Dungeon.
You worshipped Okawaru.
Okawaru was aware of your devotion.
You were not hungry.

You visited 2 branches of the dungeon, and saw 7 of its levels.
You also visited: Sewer.

You collected 315 gold pieces.

Inventory:

Hand Weapons
 a - a +0 shortbow
   (You took it off a centaur on level 6 of the Dungeon)
 b - a +1 short sword of holy wrath (weapon)
   (You found it on level 2 of the Dungeon)
 w - a +2 hunting sling of flaming
   (You found it in a sewer)
 x - a +2 spear of freezing
   (You took it off a gnoll on level 3 of the Dungeon)
 y - a +4 halberd of electrocution
   (You took it off a gnoll on level 3 of the Dungeon)
Missiles
 D - 30 arrows
Armour
 j - a +1 pair of gloves (worn)
   (You found it on level 1 of the Dungeon)
 k - a +0 buckler
   (You found it on level 2 of the Dungeon)
 C - a +0 robe (worn)
Magical Staves
 r - an uncursed staff of air
   (You took it off a goblin on level 3 of the Dungeon)
Jewellery
 f - an uncursed ring of flight
   (You found it on level 3 of the Dungeon)
 q - a +5 ring of dexterity (right hand)
   (You found it on level 3 of the Dungeon)
 z - a ring of see invisible (left hand)
   (You found it on level 2 of the Dungeon)
Wands
 v - a wand of digging (7)
   (You found it on level 3 of the Dungeon)
Scrolls
 g - a scroll of fog
 i - 5 scrolls of teleportation {@r4}
 o - 3 scrolls of enchant weapon
 s - a scroll of remove curse {@r2}
 t - 3 scrolls of identify {@r1}
 A - a scroll of magic mapping
Potions
 c - a potion of might {unknown}
 d - a potion of haste {unknown}
 h - a potion of agility {unknown}
 l - a potion of ambrosia {unknown}
 m - a potion of cancellation {unknown}
 n - 2 potions of curing {@q1}
 p - a potion of heal wounds {unknown}
 u - 2 potions of berserk rage
 B - a potion of invisibility
 E - a potion of mutation {unknown}
 F - a potion of brilliance {unknown}
 G - a potion of magic {unknown}
Comestibles
 e - 11 rations {!d}


   Skills:
 - Level 6.0(4.4) Fighting
 + Level 2.6(1.1) Bows
 - Level 1.3(0.0) Dodging
 - Level 1.1(0.0) Stealth
 - Level 5.0(3.3) Spellcasting
 + Level 5.9(4.2) Conjurations
 - Level 5.0(3.4) Fire Magic


You had 8 spell levels left.
You knew the following spells:

 Your Spells              Type           Power        Failure   Level  Hunger
a - Flame Tongue          Conj/Fire      ##...        4%          1    #......
q - Sticky Flame          Conj/Fire      ##......     38%         4    #####..
x - Fireball              Conj/Fire      ##........   75%         5    ######.

Your spell library contained the following spells:

 Spells                   Type           Power        Failure   Level  Hunger
 Throw Flame              Conj/Fire      ##....       6%          2    ##.....
 Conjure Flame            Conj/Fire      ##......     13%         3    ###....
 Corona                   Hex            #......      21%         1    #......
 Slow                     Hex            #.......     30%         2    ##.....
 Inner Flame              Hex/Fire       #.......     30%         3    ###....
 Portal Projectile        Hex/Tloc       #.....       52%         3    ###....
 Cause Fear               Hex            #.........   90%         4    #####..
 Leda's Liquefaction      Hex/Erth       #.........   90%         4    #####..


Dungeon Overview and Level Annotations

Branches:
Dungeon (6/15)             Temple (1/1) D:5

Altars:
Ashenzari
Cheibriados
Dithmenos
Elyvilon
Fedhas
Gozag
Hepliaklqana
Kikubaaqudgha
Makhleb
Nemelex Xobeh
Okawaru
Qazlal
Trog
Uskayaw
Vehumet
Wu Jian
Xom
Yredelemnul
Zin
The Shining One

Shops:
D:4 (

Annotations:
D:6 Eustachio


Innate Abilities, Weirdness & Mutations

You have hooves in place of feet.
Armour fits poorly on your strangely shaped body.
You cover ground very quickly.
You have extremely tough skin. (AC +3)


Message History

Found a stormy altar of Qazlal.
Adjust (i)tems, (s)pells, or (a)bilities?
Adjust which item? (? for menu, Esc to quit)
o - a +1 short sword of holy wrath (weapon)
Adjust to which letter? (? for menu, Esc to quit)
b - a +1 short sword of holy wrath (weapon)
o - 3 scrolls of enchant weapon Adjust (i)tems, (s)pells, or (a)bilities?
Adjust which item? (? for menu, Esc to quit)
C - a +0 shortbow Adjust to which letter? (? for menu, Esc to quit)
a - a +0 shortbow;
C - a +0 robe (worn)
You can't see any susceptible monsters within range! (Use Z to cast anyway.)
Your +1 short sword of holy wrath stops glowing.
a - a +0 shortbow (weapon)
Firing (i - inventory)
D - 32 arrows (quivered)
Aim: an ogre, wielding a +0 giant club You shoot an arrow.
The arrow hits the ogre!
Firing (i - inventory)
D - 31 arrows (quivered)
Aim: an ogre, wielding a +0 giant club (moderately wounded)
You shoot an arrow. The arrow barely misses the ogre.
Your +1 short sword of holy wrath softly glows with a divine radiance!
b - a +1 short sword of holy wrath (weapon)
Aim: an ogre, wielding a +0 giant club (moderately wounded)
The flame tongue hits the ogre.
Aim: an ogre, wielding a +0 giant club (moderately wounded)
The flame tongue hits the ogre.
The ogre hits you with a +0 giant club! The orc warrior closely misses you.
Aim: an ogre, wielding a +0 giant club (heavily wounded)
The flame tongue hits the ogre.
The ogre barely misses you.
Aim: an ogre, wielding a +0 giant club (severely wounded)
The flame tongue hits the ogre.
The orc warrior hits you from afar with a +0 glaive!
The ogre hits you with a +0 giant club!
Aim: an ogre, wielding a +0 giant club (almost dead)
The flame tongue hits the ogre!
You kill the ogre!
Okawaru accepts your kill.
The orc warrior hits you from afar with a +0 glaive!
* * * LOW HITPOINT WARNING * * *
Aim: an orc warrior, wielding a +0 glaive and wearing a cursed +0 plate armour The flame tongue hits the orc warrior but does no damage.
The orc warrior hits you from afar with a +0 glaive.
* * * LOW HITPOINT WARNING * * *
Aim: an orc warrior, wielding a +0 glaive and wearing a cursed +0 plate armour The flame tongue misses the orc warrior.
Aim: an orc warrior, wielding a +0 glaive and wearing a cursed +0 plate armour The flame tongue hits the orc warrior but does no damage.
The orc warrior hits you from afar with a +0 glaive!!
You die...

#.......# #.. §§§§#_#
#######.# #.# §§§§#.#
#.# #.# §§§#(# #.# #.#
§§#(# #.####.# ##.#
##### ####.#..... #...
#...###.........#
#..o##.............###
#...)@.......##.#..#
#######............#
#..####......#
#..####......###
#..#...........)
#..#.#####......
#....# #...### ##...#
#.### ###.# #.#


You could see an orc warrior.

Vanquished Creatures
  Grinder (D:3)
  Menkaure (D:6)
  4 ogres
  A centaur (D:6)
  2 phantoms
  Blork the orc (D:4)
  3 bullfrogs
  A scorpion (D:5)
  3 wights (D:6)
  2 vampire bats (D:3)
  2 crimson imps
  2 quasits
  2 bullfrog skeletons
  2 centaur skeletons
  2 orc wizards (D:6)
  5 worker ants
  A worker ant zombie (D:4)
  3 gnolls (D:3)
  15 adders
  10 oozes
  An adder zombie (D:6)
  A worm (D:3)
  An adder skeleton (D:5)
  2 dart slugs (D:2)
  14 leopard geckos
  9 orcs
  2 bat skeletons (D:3)
  3 bat zombies (D:3)
  20 giant cockroaches
  7 goblins
  5 hobgoblins
  4 jackals (D:5)
  6 kobolds
  A quokka (D:2)
  16 ball pythons
  6 bats
  18 frilled lizards
  2 jackal skeletons (D:4)
  7 rats
  A plant (D:3)
189 creatures vanquished.

Vanquished Creatures (others)
  A worm (D:2)
  A rat (D:2)
2 creatures vanquished.

Grand Total: 191 creatures vanquished

Notes
Turn   | Place    | Note
-------+----------+-------------------------------------------
     0 | D:1      | MalarOregon the Centaur Fire Elementalist began the quest
                  | for the Orb.
     0 | D:1      | Reached XP level 1. HP: 14/14 MP: 3/3
   379 | D:1      | Reached skill level 1 in Fighting
   435 | D:1      | Reached XP level 2. HP: 23/23 MP: 4/4
  1050 | D:2      | Found a radiant altar of Vehumet.
  1229 | D:2      | Reached XP level 3. HP: 28/29 MP: 6/6
  1345 | D:2      | Reached skill level 2 in Fighting
  2207 | D:2      | Reached XP level 4. HP: 37/37 MP: 7/7
  2495 | D:3      | Reached skill level 3 in Fighting
  2739 | D:3      | Found an opulent altar of Gozag.
  2750 | D:3      | Found a glowing drain.
  2972 | Sewer    | Entered a sewer
  2979 | Sewer    | Reached XP level 5. HP: 45/45 MP: 2/9
  3962 | Sewer    | Reached skill level 4 in Fighting
  3962 | Sewer    | Reached XP level 6. HP: 44/52 MP: 4/11
  4148 | D:3      | Noticed Grinder
  4154 | D:3      | Paralysed by Grinder for 5 turns
  4162 | D:3      | Killed Grinder
  4162 | D:3      | Reached skill level 5 in Fighting
  4162 | D:3      | Reached XP level 7. HP: 17/61 MP: 11/13
  4888 | D:3      | Found an ancient bone altar of Kikubaaqudgha.
  5138 | D:4      | Learned a level 4 spell: Sticky Flame
  5144 | D:4      | Learned a level 5 spell: Fireball
  5279 | D:4      | Reached skill level 1 in Conjurations
  5445 | D:4      | Noticed Blork the orc
  5453 | D:4      | Killed Blork the orc
  5616 | D:4      | Found Ifiuca's Antique Weapon Shoppe.
  5684 | D:4      | Found a basalt altar of Yredelemnul.
  5849 | D:4      | Reached skill level 6 in Fighting
  5849 | D:4      | Reached skill level 5 in Spellcasting
  5849 | D:4      | Reached XP level 8. HP: 70/70 MP: 10/15
  5989 | D:4      | Found a sparkling altar of Nemelex Xobeh.
  6115 | D:5      | Entered Level 5 of the Dungeon
  6162 | D:5      | Found a staircase to the Ecumenical Temple.
  6171 | Temple   | Entered the Ecumenical Temple
  6267 | Temple   | Became a worshipper of Warmaster Okawaru
  6718 | D:5      | Found a glowing silver altar of Zin.
  6875 | D:5      | Found a shadowy altar of Dithmenos.
  6875 | D:5      | Found a shimmering altar of Xom.
  6930 | D:5      | Found a shattered altar of Ashenzari.
  7975 | D:6      | Reached * piety under Okawaru
  7995 | D:6      | Reached skill level 5 in Fire Magic
  8277 | D:6      | Noticed Menkaure
  8282 | D:6      | Killed Menkaure
  8282 | D:6      | Reached skill level 5 in Conjurations
  8613 | D:6      | Reached XP level 9. HP: 66/75 MP: 16/16
  8744 | D:6      | Reached skill level 1 in Bows
  8797 | D:6      | Noticed Eustachio
  9369 | D:6      | Found a stormy altar of Qazlal.
  9382 | D:6      | Slain by an orc warrior

Skill      XL: |  1  2  3  4  5  6  7  8  9 |
---------------+----------------------------+-----
Fighting       | 1 2 3 4 5 6 |  6.0
Spellcasting   | 2 3 4 5 |  5.0
Conjurations   | 1 5 |  5.9
Fire Magic     | 3 5 |  5.0
Bows           | 2 |  2.6
Dodging        | |  1.3
Stealth        | |  1.1

Action                   |  1- 3 |  4- 6 |  7- 9 || total
-------------------------+-------+-------+-------++-------
Melee: Club              |    72 |       |       ||    72
       Kick              |    21 |    28 |    37 ||    86
       Unarmed           |     2 |       |       ||     2
       Short sword       |    19 |   122 |   155 ||   296
       Halberd           |       |       |    15 ||    15
 Fire: Shortbow          |       |       |    28 ||    28
 Cast: Flame Tongue      |    29 |    74 |   109 ||   212
  Use: Scroll            |       |     6 |    10 ||    16
       Potion            |       |     1 |       ||     1
 Stab: Sleeping          |       |       |     2 ||     2
  Eat: Chunk             |     3 |     7 |    11 ||    21
       Ration            |       |       |     1 ||     1
Armor: Robe              |    49 |    48 |    82 ||   179
Dodge: Dodged            |    57 |    44 |   129 ||   230
Block: Buckler           |     7 |    11 |    23 ||    41
